 Dungeon Crawl Stone Soup version 0.22.1-2-g9c5b331 (webtiles) character file.

259 Lilu the Magician (level 5, -4/28 HPs)
             Began as a Deep Elf Wizard on Nov 24, 2018.
             Slain by an elf zombie (6 damage)
             ... in an ossuary.
             The game lasted 00:12:33 (3648 turns).

Lilu the Magician (Deep Elf Wizard)                 Turns: 3648, Time: 00:12:33

Health: -4/28      AC:  5    Str:  4    XL:     5   Next: 95%
Magic:  8/16       EV: 11    Int: 24    God:
Gold:   103        SH:  0    Dex: 13    Spells: 7/18 levels left

rFire    . . .     SeeInvis +   (no weapon)
rCold    . . .     Gourm    .   (no shield)
rNeg     . . .     Faith    .   w - +0 leather armour
rPois    .         Spirit   .   b - +0 hat
rElec    .         Reflect  .   (no cloak)
rCorr    .         Harm     .   (no gloves)
MR       .....                  x - +1 pair of boots
Stlth    ++........             (no amulet)
HPRegen  0.09/turn              i - ring of see invisible
MPRegen  0.15/turn              (no ring)

@: very slightly contaminated
A: no striking features
a: no special abilities


You were in an ossuary.
You were not hungry.

You visited 1 branch of the dungeon, and saw 4 of its levels.
You also visited: Ossuary.

You collected 103 gold pieces.

Inventory:

Armour
 a - a +0 buckler
 b - a +0 hat (worn)
 w - a +0 leather armour (worn)
 x - a +1 pair of boots (worn)
Jewellery
 i - a ring of see invisible (left hand)
Wands
 t - a wand of random effects (26)
Scrolls
 c - 2 scrolls of blinking
 e - a scroll of teleportation
 h - a scroll of fear
 j - a scroll of enchant armour
 o - a scroll of amnesia
Potions
 f - 2 potions of flight {unknown}
 g - a potion of berserk rage {unknown}
 m - a potion of cancellation {unknown}
 n - 3 potions of heal wounds
 q - a potion of brilliance {unknown}
 s - a potion of magic {unknown}
 u - a potion of curing {unknown}
 v - a potion of agility {unknown}
Comestibles
 d - 5 rations
 l - a chunk of flesh


   Skills:
 - Level 2.4 Dodging
 - Level 2.4 Stealth
 * Level 0.8 Shields
 + Level 7.0 Spellcasting
 + Level 4.4 Conjurations
 - Level 1.1 Summonings
 - Level 1.1 Translocations


You had 7 spell levels left.
You knew the following spells:

 Your Spells              Type           Power        Failure   Level  Hunger
a - Magic Dart            Conj           ####         1%          1    None
b - Mephitic Cloud        Conj/Pois/Air  ###.....     21%         3    None
c - Conjure Flame         Conj/Fire      ###.....     16%         3    None
d - Call Imp              Summ           ##......     12%         2    None
e - Blink                 Tloc           N/A          12%         2    None

Your spell library contained the following spells:

 Spells                   Type           Power        Failure   Level  Hunger
 Slow                     Hex            #.......     19%         2    None


Dungeon Overview and Level Annotations

Branches:
Dungeon (4/15)
 Temple: D:4-7

Altars:
Elyvilon
Uskayaw
Wu Jian


Message History

Casting: Call Imp (safe; 12% risk of failure)
Confirm with . or Enter, or press ? or * to list all spells.
Aiming: Conjure Flame (safe; 16% risk of failure)
Press: ? - help, Dir - move target cursor The fire ignites!
A spear hits the hobgoblin zombie!
The hobgoblin zombie is destroyed!
A poisoned needle hits the elf zombie, but does no damage!
The hobgoblin zombie is engulfed in blazing flames.
You destroy the hobgoblin zombie!
A spear misses the big kobold zombie!
A poisoned needle hits the big kobold zombie, but does no damage!
The elf zombie is engulfed in blazing flames.
The elf zombie hits you.
* * * LOW HITPOINT WARNING * * *
A spear misses the human zombie!
A poisoned needle hits the big kobold zombie, but does no damage!
The elf zombie is engulfed in blazing flames.
The elf zombie hits you.
You die...

##################
..∩Z.........Z#??#
...ZZ.......ZZ#?@#
#####.......ZZ##Z#
.............^^Z.#
.................#
..........##.....#
..........##.....#
.................#
.................#
..............#..#


You could see a gnoll zombie, 2 big kobold zombies, 2 elf zombies and 2 human
zombies.

Vanquished Creatures
  Jessica (D:3)
  A hound zombie (Ossuary)
  3 adders (D:3)
  An adder skeleton (D:4)
  An ooze (D:3)
  4 dart slugs
  6 leopard geckos
  3 orcs (D:3)
  2 ball pythons
  3 giant cockroaches
  7 goblins
  4 hobgoblins
  3 quokkas
  7 bats
  10 frilled lizards
  A hobgoblin zombie (Ossuary)
  A jackal zombie (Ossuary)
  4 kobolds
  9 rats
71 creatures vanquished.

Vanquished Creatures (collateral kills)
  Sigmund (D:2)
  3 gnolls (D:2)
  2 adders
  2 quokkas (D:2)
  A goblin (D:2)
  A hobgoblin zombie (Ossuary)
  A rat (D:3)
11 creatures vanquished.

Vanquished Creatures (others)
  A hobgoblin zombie (Ossuary)
1 creature vanquished.

Grand Total: 83 creatures vanquished

Notes
Turn   | Place    | Note
-------+----------+-------------------------------------------
     0 | D:1      | Lilu the Deep Elf Wizard began the quest for the Orb.
     0 | D:1      | Reached XP level 1. HP: 10/10 MP: 7/7
   239 | D:1      | Reached XP level 2. HP: 15/15 MP: 3/9
   387 | D:1      | Reached skill level 5 in Spellcasting
   636 | D:1      | Reached XP level 3. HP: 17/19 MP: 9/11
  1496 | D:2      | Learned a level 3 spell: Mephitic Cloud
  1500 | D:2      | Learned a level 3 spell: Conjure Flame
  1503 | D:2      | Learned a level 2 spell: Call Imp
  1506 | D:2      | Learned a level 2 spell: Blink
  2055 | D:2      | Reached XP level 4. HP: 19/24 MP: 7/13
  2241 | D:2      | Noticed Sigmund
  2253 | D:2      | Killed Sigmund
  2253 | D:2      | Reached skill level 6 in Spellcasting
  2253 | D:2      | Reached XP level 5. HP: 28/28 MP: 8/15
  2680 | D:3      | Found a white marble altar of Elyvilon.
  3019 | D:3      | Noticed Jessica
  3026 | D:3      | Killed Jessica
  3028 | D:3      | Found a hide-covered altar of Uskayaw.
  3252 | D:3      | Reached skill level 7 in Spellcasting
  3377 | D:3      | Found an ornate altar of the Wu Jian Council.
  3510 | D:4      | Found a sand-covered staircase.
  3551 | Ossuary  | Entered an ossuary
  3648 | Ossuary  | Slain by an elf zombie

Skill      XL: |  1  2  3  4  5 |
---------------+----------------+-----
Spellcasting   | 5 6 7 |  7.0
Conjurations   | 2 3 4 |  4.4
Dodging        | |  2.4
Stealth        | |  2.4
Shields        | |  0.8
Summonings     | |  1.1
Translocations | |  1.1

Action                   |  1- 3 |  4- 6 || total
-------------------------+-------+-------++-------
Melee: Unarmed           |     1 |       ||     1
 Cast: Magic Dart        |    80 |    73 ||   153
       Call Imp          |    11 |    13 ||    24
       Blink             |     3 |     2 ||     5
       Conjure Flame     |       |     3 ||     3
  Use: Scroll            |       |     9 ||     9
  Eat: Chunk             |     3 |     5 ||     8
Armor: Robe              |     4 |       ||     4
       Leather armour    |       |    11 ||    11
Dodge: Dodged            |    25 |    27 ||    52
